Map: Ruins of Seras

Players

Katana - Winner!

  • Race: Protoss Protoss
  • Spawn Location: 9:00

Fropez

  • Race: Protoss Protoss
  • League: Silver
  • Spawn Location: 5:00

VOD

Have the link to the VOD?

Description

Time

  • Played on: Feb. 12, 2016, 4:24 p.m.
  • Length: 10:55
Show
View Real Time Build Order
Export as new Build Order

Katana Protoss - Winner!

Build Orders: 1 Gate Expand 

Get SALT Encoding   

  12  0:01  Probe (Chrono Boost)  
  13  0:15  Pylon  
  13  0:18  Probe (Chrono Boost)  
  14  0:29  Probe (Chrono Boost)  
  15  0:36  Gateway  
  15  0:43  Assimilator  
  15  0:46  Probe (Chrono Boost)  
  16  0:56  Probe (Chrono Boost)  
  17  1:21  Nexus  
  17  1:31  Cybernetics Core  
  17  1:34  Probe (Chrono Boost)  
  19  1:47  Probe (Chrono Boost)  
  19  1:51  Assimilator  
  19  1:54  Pylon  
  19  1:59  Probe (Chrono Boost)  
  20  2:13  Probe (Chrono Boost)  
  21  2:26  Probe (Chrono Boost)  
  21  2:27  Warp Gate (Chrono Boost)  
  21  2:28  Zealot  
  25  2:37  Mothership Core (Chrono Boost)  
  25  2:46  Probe (Chrono Boost)  
  26  2:57  Probe (Chrono Boost)  
  27  2:59  Probe (Chrono Boost)  
  27  3:01  Pylon  
  27  3:02  Pylon  
  28  3:09  Probe (Chrono Boost)  
  28  3:10  Stalker  
  31  3:17  Probe (Chrono Boost)  
  32  3:20  Assimilator  
  32  3:27  Robotics Facility  
  32  3:28  Probe (Chrono Boost)  
  32  3:31  Pylon  
  33  3:38  Probe (Chrono Boost)  
  33  3:40  Probe (Chrono Boost)  
  35  3:46  Adept  
  35  3:48  Probe (Chrono Boost)  
  35  3:50  Probe (Chrono Boost)  
  39  4:00  Probe  
  39  4:02  Probe  
  41  4:15  Stargate  
  41  4:16  Warp Prism  
  43  4:17  Gateway  
  43  4:21  Probe  
  43  4:22  Probe  
  45  4:33  Probe  
  45  4:34  Pylon  
  45  4:35  Pylon  
  45  4:37  Probe  
  47  4:45  Probe  
  48  4:56  Stalker  
  48  4:59  Probe  
  51  5:00  Probe  
  52  5:11  Probe  
  53  5:34  Stalker  
  55  5:36  Assimilator, Oracle  
  58  5:46  Gateway  
  58  5:48  Gateway  
  58  5:50  Gateway  
  58  5:51  Stalker  
  58  5:53  Gateway x2  
  60  6:34  Stalker x2  
  64  6:47  Gateway  
  64  6:51  Stalker x3  
  64  6:52  Stalker x2  
  74  7:48  Stalker x4  
  74  7:49  Stalker x2  
  86  8:00  Pylon  
  86  8:01  Pylon  
  86  8:04  Pylon  
  86  8:07  Pylon  
  86  8:09  Pylon  
  86  8:12  Pylon  
  86  8:14  Pylon  
  86  8:18  Pylon  
  86  8:22  Pylon  
  86  8:26  Pylon  
  86  9:13  Stalker x2  
  86  9:14  Stalker x4  
  86  9:15  Stalker x2  
  102  9:39  Stalker x2  
  102  9:40  Stalker x6  
  105  10:18  Stalker x3  
  105  10:19  Stalker x5  
Show
View Real Time Build Order
Export as new Build Order

Fropez Protoss 

Build Orders:  

Get SALT Encoding   

  12  0:02  Probe (Chrono Boost)  
  13  0:21  Pylon  
  13  0:24  Probe (Chrono Boost)  
  14  0:37  Probe (Chrono Boost)  
  14  0:42  Gateway  
  15  0:47  Probe (Chrono Boost)  
  16  0:57  Gateway  
  16  1:07  Gateway  
  16  1:10  Probe (Chrono Boost)  
  17  1:29  Probe (Chrono Boost)  
  17  1:32  Pylon  
  18  1:33  Zealot  
  20  1:40  Probe (Chrono Boost)  
  21  1:54  Cybernetics Core  
  21  1:58  Assimilator  
  21  2:00  Probe (Chrono Boost)  
  22  2:04  Assimilator  
  22  2:12  Forge  
  22  2:21  Probe (Chrono Boost)  
  23  2:33  Probe (Chrono Boost)  
  23  2:36  Warp Gate (Chrono Boost)  
  24  2:44  Probe  
  25  3:02  Photon Cannon  
  25  3:04  Photon Cannon  
  25  3:07  Mothership Core  
  27  3:25  Pylon  
  27  3:30  Nexus  
  27  3:33  Probe  
  28  3:45  Probe, Protoss Ground Weapons Level 1 (Chrono Boost)  
  29  3:52  Stalker  
  31  3:58  Probe  
  32  4:10  Probe  
  33  4:17  Pylon  
  33  4:18  Stalker  
  33  4:22  Probe  
  36  4:33  Stalker  
  36  4:34  Probe  
  39  4:43  Probe  
  40  4:46  Probe  
  40  4:50  Assimilator  
  41  4:55  Assimilator  
  41  4:56  Stalker  
  41  4:58  Stalker  
  45  5:16  Probe  
  45  5:17  Probe  
  47  5:25  Stalker  
  47  5:26  Stalker x2  
  53  5:33  Protoss Ground Armor Level 1 (Chrono Boost)  
  53  5:34  Twilight Council, Probe  
  54  5:47  Probe  
  55  5:53  Probe  
  56  6:05  Probe  
  56  6:06  Probe  
  56  6:09  Stalker x2  
  62  6:16  Probe  
  61  6:33  Blink (Chrono Boost)  
  61  6:43  Pylon  
  61  7:01  Pylon  
  61  7:02  Probe  
  61  7:03  Probe  
  63  7:09  Stalker x3  
  62  7:52  Probe x2  
  64  8:06  Nexus  
  64  8:09  Assimilator, Stalker x3  
  64  8:11  Assimilator  
  70  8:13  Pylon  
  70  8:16  Pylon  
  66  8:22  Probe x2  
  67  8:34  Probe x2  
  69  8:43  Photon Cannon  
  69  8:46  Probe x2  
  71  8:53  Stalker x2  
  71  8:54  Stalker  
  77  9:11  Photon Cannon  
  77  9:21  Gateway  
  75  9:31  Stalker  
  75  10:02  Stalker  
  77  10:27  Zealot x3  
Tags
 
League
Silver
Matchup
PvP
Replay Pack
All Mines
Spawn Locations
Cross Positions
Add a new tag
Caveats
  • Supply blocks, unpowered buildings, or Contaminate may cause inaccurate times.
  • Supply counts are checked every 10 seconds.